 Dungeon Crawl Stone Soup version 0.24-a0-582-g4d4af813a0 (webtiles) character file.

Game seed: 13888259160850851722

6 ElectroBlueGuy the Grave Robber (level 1, -5/10 HPs)
             Began as a Deep Elf Necromancer on Aug 26, 2019.
             Slain by a gnoll
             ... wielding a +0 spear
              (8 damage)
             ... on level 1 of the Dungeon.
             The game lasted 00:02:26 (314 turns).

ElectroBlueGuy the Grave Robber (DENe)               Turns: 314, Time: 00:02:26

Health: -5/10      AC:  3    Str:  5    XL:     1   Next: 75%
Magic:  6/6        EV: 13    Int: 19    God:
Gold:   46         SH:  0    Dex: 15    Spells: 4/6 levels left

rFire    . . .     SeeInvis .   d - +0 dagger
rCold    . . .     Gourm    .   (no shield)
rNeg     . . .     Faith    .   a - +0 robe
rPois    .         Spirit   .   (no helmet)
rElec    .         Reflect  .   (no cloak)
rCorr    .         Harm     .   g - +0 pair of gloves
MR       +....                  (no boots)
Stlth    ++........             (no amulet)
HPRegen  0.03/turn              b - ring of protection from magic
MPRegen  0.10/turn              (no ring)

@: no status effects
A: no striking features
a: no special abilities


You were on level 1 of the Dungeon.
You were not hungry.

You visited 1 branch of the dungeon, and saw 1 of its levels.

You collected 46 gold pieces.

Inventory:

Hand Weapons
 d - a +0 dagger (weapon)
Missiles
 e - 13 stones (quivered)
Armour
 a - a +0 robe (worn)
 g - a +0 pair of gloves (worn)
Jewellery
 b - a ring of protection from magic (left hand)
Comestibles
 c - a ration
 f - 9 chunks of flesh


   Skills:
 + Level 0.1 Fighting
 + Level 0.1 Short Blades
 + Level 2.5 Dodging
 + Level 2.5 Stealth
 + Level 3.1 Spellcasting
 * Level 5.0 Necromancy


You had 4 spell levels left.
You knew the following spells:

 Your Spells              Type           Power        Failure   Level  Hunger
a - Pain                  Necr           ###.         1%          1    None
b - Animate Skeleton      Necr           N/A          1%          1    None

Your spell library contained the following spells:

 Spells                   Type           Power        Failure   Level  Hunger
 Vampiric Draining        Necr           ###.......   6%          3    ###....
 Regeneration             Chrm/Necr      ##........   16%         3    ###....
 Animate Dead             Necr           N/A          19%         4    ####...


Dungeon Overview and Level Annotations

Branches:
Dungeon (1/15)

Altars:


Message History

Your hobgoblin skeleton hits the bat with a +0 club.
The bat dies!
The gnoll hits you from afar with a +0 spear.
Your goblin skeleton closely misses the gnoll.
Your hobgoblin skeleton misses the gnoll.
The gnoll closely misses you.
Your goblin skeleton barely misses the gnoll.
The hobgoblin hits your goblin skeleton but does no damage.
The gnoll closely misses you.
Your hobgoblin skeleton hits the gnoll with a +0 club.
Your goblin skeleton closely misses the hobgoblin.
The hobgoblin hits your goblin skeleton with a +0 club.
Your goblin skeleton is destroyed!
The gnoll hits you from afar with a +0 spear.
* * * LOW HITPOINT WARNING * * *
Your hobgoblin skeleton hits the gnoll with a +0 club.
You barely miss the hobgoblin.
The gnoll hits you from afar with a +0 spear!
Ouch! That really hurt!
You die...

##.#####.# #.#.#....#.........#
.#.#...#.####.#.#....#...##.####
.#.'.<.#........#....#.#....#
.#.#...#..####..#.........###
##.#####..# #..##.#.#.####
..........# #..#*.....#
##.##'##..# ##.####.###
.#.#...#,,# #.## #.* .'.#...#,**
#.@# *,* .#.#...#,* #Zg# *,*
##.#####,* ***#†g#**,****
,...,,,,,* *,,.....,,,,,*
*##.,***** *,........,,,*
*.#*******.#.#.......,****
*..,,,,,,..#.........,,,,*
*##,****##*#..(......,,,,* *,*
#.,.......,,,,*


You could see a gnoll, a hobgoblin and a friendly hobgoblin skeleton.

Vanquished Creatures
  A bat (D:1)
  A giant cockroach (D:1)
  A goblin (D:1)
  A hobgoblin (D:1)
4 creatures vanquished.

Vanquished Creatures (collateral kills)
  A bat (D:1)
1 creature vanquished.

Grand Total: 5 creatures vanquished

Notes
Turn   | Place    | Note
-------+----------+-------------------------------------------
     0 | D:1      | ElectroBlueGuy the Deep Elf Necromancer began the quest for
                  | the Orb.
     0 | D:1      | Reached XP level 1. HP: 10/10 MP: 6/6
     4 | D:1      | Learned a level 1 spell: Animate Skeleton
   224 | D:1      | Reached skill level 5 in Necromancy
   314 | D:1      | Slain by a gnoll

Levels and vault maps discovered:
D:1:      minmay_arrival_four_houses, layout_basic, minmay_tall_x

Skill      XL: |  1 |
---------------+----+-----
Necromancy     | 5 |  5.0
Fighting       | |  0.1
Short Blades   | |  0.1
Dodging        | |  2.5
Stealth        | |  2.5
Spellcasting   | |  3.1

Action                   || total
-------------------------++-------
Melee: Dagger            ||    16
Throw: Stone             ||     4
 Cast: Pain              ||     4
       Animate Skeleton  ||     2
  Use: Scroll            ||     1
       Potion            ||     1
Armor: Robe              ||     1
Dodge: Dodged            ||    19

Table legend:
 A = Non-vault XP
 B = Vault XP
 C = Vault XP percentage of total XP
 D = Non-vault monster count
 E = Vault monster count
 F = Vault count percentage of total count
                 A         B        C        D         E       F
            +---------+---------+-------+---------+---------+-------
      Total |       9 |       0 |   0.0 |       5 |       0 |   0.0
            +---------+---------+-------+---------+---------+-------
        D:1 |       9 |       0 |   0.0 |       5 |       0 |   0.0
            +---------+---------+-------+---------+---------+-------
